 Dungeon Crawl Stone Soup version 0.30-a0-878-gc727b3d3d6 (webtiles) character file.

Game seed: 11265696869921757604

159306 Anamonty the Lord of Darkness (level 17, 0/92 HPs)
             Began as a Vine Stalker Necromancer on Mar 12, 2023.
             Was the Champion of Kikubaaqudgha.
             Succumbed to a wolf spider's poison
             ... on level 3 of the Spider Nest on Apr 17, 2023.
             The game lasted 01:49:41 (28333 turns).

Anamonty the Lord of Darkness (VSNe)               Turns: 28333, Time: 01:49:42

Health: 0/92       AC: 17    Str: 13    XL:     17   Next: 73%
Magic:  33/33      EV: 23    Int: 21    God:    Kikubaaqudgha [******]
Gold:   2255       SH:  5    Dex: 19    Spells: 12/39 levels left

rFire   . . .      SeeInvis +    w - staff of death
rCold   . . .      Faith    .    (no shield)
rNeg    + + .      Spirit   +    M - +2 robe of Obboh {rElec rN+ Str+2 Dex+2}
rPois   .          Reflect  +    V - +2 helmet {SInv}
rElec   +          Rampage  +    (no cloak)
rCorr   .                        s - +2 pair of gloves {Stlth+}
Will    ++...                    l - +2 pair of boots {rampage}
Stlth   ++++                     o - amulet of reflection
HPRegen 1.15/turn                P - +5 ring of evasion
MPRegen 0.23/turn                v - +4 ring of protection

@: lethally poisoned (0 -> -6), death channelling, on berserk cooldown,
animating dead, slowed, very slow
A: fangs 3, regeneration 1, magic shield, antimagic bite, no potion heal 2
a: Renounce Religion, Unearth Wretches, Torment


You were on level 3 of the Spider Nest.
You worshipped Kikubaaqudgha.
Kikubaaqudgha was exalted by your worship.
You visited 4 branches of the dungeon, and saw 25 of its levels.
You also visited: Ice Cave.

You collected 4137 gold pieces.
You spent 1882 gold pieces at shops.

Inventory:

Missiles
 K - a throwing net
Armour
 l - a +2 pair of boots of rampaging (worn)
 s - a +2 pair of gloves of stealth (worn)
 M - the +2 robe of Obboh (worn) {rElec rN+ Str+2 Dex+2}
   (You found it on level 7 of the Dungeon)

   Str:       It affects your strength (+2).
   Dex:       It affects your dexterity (+2).
   rElec:     It insulates you from electricity.
   rN:        It protects you from negative energy.
 V - a +2 helmet of see invisible (worn)
Magical Staves
 w - a staff of death (weapon)
Jewellery
 o - an amulet of reflection (around neck)
 t - a ring of flight
 v - a +4 ring of protection (right hand)
 C - a ring of positive energy
 O - a ring of resist corrosion
 P - a +5 ring of evasion (left hand)
 Q - a ring of willpower
 R - a ring of wizardry
Wands
 E - a wand of digging (4)
 G - a wand of roots (2)
 I - a wand of polymorph (15)
 N - a wand of mindburst (16) (quivered)
 T - a wand of flame (18)
 Z - a wand of paralysis (12)
Scrolls
 f - a scroll of torment
 i - a scroll of butterflies {unknown}
 j - 8 scrolls of amnesia
 k - 2 scrolls of vulnerability
 p - 6 scrolls of fog
 q - 3 scrolls of brand weapon
 r - 3 scrolls of immolation
 u - a scroll of magic mapping
 x - 4 scrolls of noise
 y - 2 scrolls of enchant armour
 z - a scroll of blinking
 B - 3 scrolls of poison
 F - 7 scrolls of teleportation
 H - 2 scrolls of silence
 L - 4 scrolls of enchant weapon
 X - 4 scrolls of fear
Potions
 a - a potion of invisibility
 b - a potion of magic
 c - 5 potions of cancellation
 d - 5 potions of might
 e - 3 potions of brilliance
 g - 11 potions of curing
 h - 2 potions of berserk rage
 m - 6 potions of attraction
 n - 7 potions of mutation
 A - 3 potions of lignification
 D - 4 potions of flight
 S - 4 potions of haste
 U - 2 potions of ambrosia
 Y - 2 potions of resistance
Miscellaneous
 J - a phial of floods
 W - a condenser vane


   Skills:
 * Level 11.6 Fighting
 + Level 7.4 Staves
 + Level 1.5 Armour
 + Level 10.0 Dodging
 + Level 6.2 Stealth
 + Level 11.8 Spellcasting
 + Level 5.4 Summonings
 * Level 16.4 Necromancy
 - Level 8.0 Ice Magic
 + Level 6.9 Earth Magic
 + Level 8.4 Evocations


You had 12 spell levels left.
You knew the following spells:

 Your Spells              Type           Power      Damage    Failure   Level
a - Necrotise             Necr           100%       1d9       0%          1
b - Vampiric Draining     Necr           89%        2d12      1%          3
c - Animate Dead          Necr           89%        N/A       1%          4
d - Simulacrum            Ice/Necr       38%        N/A       5%          6
e - Death Channel         Necr           44%        N/A       1%          6
f - Borgnjor's Vile Clut  Necr/Erth      37%        N/A       1%          5
g - Sublimation of Blood  Necr           89%        N/A       0%          2

Your spell library contained the following spells:

 Spells                   Type           Power      Damage    Failure   Level
 Call Canine Familiar     Summ           35%        N/A       1%          3
 Anguish                  Hex/Necr       31%        N/A       1%          4
 Agony                    Necr           89%        N/A       1%          5
 Hailstorm                Conj/Ice       29%        3d8       3%          3
 Animate Armour           Summ/Erth      76%        N/A       4%          4
 Shock                    Conj/Air       48%        1d6       5%          1
 Summon Guardian Golem    Hex/Summ       23%        N/A       5%          3
 Static Discharge         Conj/Air       24%        2-3/arc   9%          2
 Wereblood                Tmut           12%        N/A       9%          2
 Ice Form                 Ice/Tmut       29%        N/A       11%         4
 Leda's Liquefaction      Hex/Erth       13%        N/A       13%         4
 Inner Flame              Hex/Fire       12%        N/A       16%         3
 Portal Projectile        Hex/Tloc       24%        N/A       16%         3
 Swiftness                Air            12%        N/A       16%         3
 Tukima's Dance           Hex            12%        N/A       16%         3
 Vhi's Electric Charge    Tloc/Air       24%        N/A       16%         3
 Borgnjor's Revivificati  Necr           44%        N/A       38%         8
 Infestation              Necr           44%        N/A       38%         8
 Freezing Cloud           Conj/Ice/Air   11%        6-21      45%         5
 Summon Mana Viper        Hex/Summ       23%        N/A       45%         5
 Haunt                    Necr/Summ      36%        N/A       45%         7
 Airstrike                Air            6%         2d(1-17)  47%         4
 Cause Fear               Hex            6%         N/A       47%         4
 Passage of Golubria      Tloc           12%        N/A       47%         4
 Arcjolt                  Conj/Air       6%         1d16      83%         5
 Blade Hands              Tmut           6%         N/A       83%         5
 Lightning Bolt           Conj/Air       6%         1d18      83%         5
 Yara's Violent Unravell  Hex/Tmut       6%         3d5       83%         5
 Iron Shot                Conj/Erth      13%        9d3       89%         6
 Summon Hydra             Summ           17%        N/A       99%         7
 Death's Door             Necr           44%        N/A       99%         9
 Discord                  Hex            6%         N/A       100%        8
 Necromutation            Tmut/Necr      31%        N/A       100%        8
 Polar Vortex             Ice            23%        N/A       100%        9


Dungeon Overview and Level Annotations

Branches:
Dungeon (15/15)            Temple (0/1) D:6            Lair (5/5) D:11
 Shoals (0/4) Lair:2       Spider (3/4) Lair:3        Slime (0/5) Lair:5
    Orc (2/2) D:11            Elf (0/3) Orc:2        Vaults (0/5) D:14
 Depths (0/4) D:15          IceCv (visited)

Altars:
Ashenzari
Cheibriados
Dithmenos
Elyvilon
Gozag
Kikubaaqudgha
Makhleb
Okawaru
Qazlal
Ru
Sif Muna
Uskayaw
Vehumet
Xom
Yredelemnul

Shops:
D:1 ?*:   D:4 :   D:5 [   D:14 *[   Orc:1 =   Orc:2 =([!!

Annotations:
D:3 Sigmund
D:5 Edmund
D:8 1 runed translucent door, EiAlmux's ghost, novice DrCj
Lair:1 exclusion: oklob plant
Spider:1 2 transporters


Innate Abilities, Weirdness & Mutations

You have razor-sharp teeth.
Your natural rate of healing is unusually fast.
When hurt, damage is shared between your health and your magic reserves.
Your bite disrupts and absorbs the magic of your enemies.
Potions cannot restore your health.


Message History

Your tarantella zombie hits the wolf spider.
The wolf spider barely misses your tarantella zombie.
The wolf spider bites your tarantella zombie!
Your spectral tarantella hits the wolf spider.
Your spectral tarantella drains the wolf spider.
The wolf spider dies!
Kikubaaqudgha accepts your kill.
The dead are crawling!
A glowing mist starts to gather...
The moth of wrath bites you. The moth of wrath infuriates you!
A red film seems to cover your vision as you go berserk!
You feel yourself moving faster!
You feel mighty!
You hit the moth of wrath!
The moth of wrath writhes in agony.
You bite the moth of wrath! You drain its power.
You feel invigorated.
The moth of wrath is severely wounded.
* * * LOW HITPOINT WARNING * * *
You feel very sick.
Your tarantella zombie hits the moth of wrath!
The moth of wrath dies!
Kikubaaqudgha accepts your kill.
The dead are flying!
A glowing mist starts to gather...
You are too berserk!
You are too berserk!
Unknown command.
* * * LOW HITPOINT WARNING * * *
You feel very sick.
You feel a strong urge to attack something.
* * * LOW HITPOINT WARNING * * *
You feel sick.
Found a ring of positive energy.
* * * LOW HITPOINT WARNING * * *
You feel very sick.
You feel your anger nearly subside.
* * * LOW HITPOINT WARNING * * *
You feel sick.
You see here a book of Spatial Translocations.
You are no longer berserk.
You are exhausted.
You feel yourself slow down.
You die...
Kikubaaqudgha rasps: "You have failed me!
Welcome... death!"

.~≈≈≈#~ ≈###~..
..~~.#.#≈~~#...
.....=..≈~.....
......#......
.........#..
#....:..... .
#####....#..... ..
#....^.@.^.....
.#......:..#....
......#ZZZ....#
.#.....Z.Z..^.. #
###...#Z.......
^..###.....^<.......
.........^..........
.......<#..##.......
........##..##......


You could see a friendly spectral wolf spider, a friendly spectral tarantella, a
friendly spectral moth of wrath, a friendly wolf spider zombie, a friendly
tarantella zombie and a friendly moth of wrath zombie.

Vanquished Creatures
  Jorgrun (D:13)
  Kirke (D:12)
  2 emperor scorpions
  An orc warlord (Orc:2)
  An ettin (D:15)
  2 entropy weavers (Spider:1)
  A rakshasa (D:13)
  An ice dragon (Lair:5)
  6 vault guards (D:14)
  3 hydras
  An ogre mage (D:14)
  A centaur warrior (D:10)
  A boulder beetle (D:12)
  4 two-headed ogres
  A catoblepas (Lair:3)
  4 death yaks (Lair:4)
  3 pharaoh ants
  Lodul (D:11)
  4 orb spiders
  A lindwurm (Lair:5)
  2 steelbarb worms (Spider:2)
  A deep elf pyromancer (D:13)
  A necromancer (D:15)
  11 orc knights
  3 wolf spiders
  4 orc sorcerers
  8 ugly things
  3 elephants
  5 manticores
  6 black mambas
  5 cane toads
  2 demonic crawlers
  2 torpor snails (Lair:5)
  An unseen horror (D:11)
  Psyche (D:7)
  A kobold demonologist (D:7)
  A rime drake (Lair:2)
  4 komodo dragons
  A tengu conjurer (D:15)
  5 trolls
  2 meliai (Spider:2)
  13 tarantellas
  2 tyrant leeches (Lair:5)
  Grinder (D:3)
  2 polar bears (Lair:3)
  3 blink frogs (Lair:3)
  3 hornets (Lair:5)
  8 slime creatures
  5 jumping spiders
  5 culicivoras
  A shadow (D:9)
  7 wyverns
  A wraith (D:12)
  7 yaks
  2 basilisks
  A hog (D:12)
  11 redbacks
  5 vampire mosquitoes
  5 wargs
  2 acid dragons
  8 water moccasins
  4 ice beasts
  40 orc warriors
  3 sky beasts
  2 black bears
  16 ogres
  10 wolves
  4 boggarts (D:14)
  4 centaurs
  A phantom (D:6)
  3 kobold brigands
  9 bullfrogs
  4 scorpions
  6 wights
  5 killer bees
  2 howler monkeys (D:8)
  A vampire bat (D:5)
  3 hounds
  A jelly (D:7)
  11 orc priests
  4 iguanas
  Natasha (thrice) (D:2)
  17 orc wizards
  10 gnolls
  4 adders
  2 ufetubi (D:6)
  A dart slug (D:3)
  3 fire bats (D:5)
  53 orcs
  A spectral bat (D:5)
  16 bats
  2 bat skeletons (D:5)
  A bat zombie (D:5)
  4 endoplasms
  4 giant cockroaches
  9 goblins
  10 hobgoblins
  9 jackals
  2 quokkas (D:1)
  3 ball pythons
  A frilled lizard (D:3)
  14 kobolds
  3 rats (D:2)
506 creatures vanquished.

Vanquished Creatures (collateral kills)
  Snorg (Lair:3)
  An entropy weaver (Spider:1)
  A hydra (Lair:3)
  2 vault guards (D:14)
  A catoblepas (D:15)
  2 jorogumos (Spider:2)
  5 two-headed ogres
  2 boulder beetles
  A centaur warrior (D:15)
  2 tengu warriors (D:15)
  2 death yaks (Lair:4)
  An orc high priest (Orc:1)
  Sonja (Lair:4)
  A skyshark (Lair:3)
  5 pharaoh ants
  4 orb spiders
  2 deep trolls (D:15)
  A steelbarb worm (Spider:2)
  A necromancer (D:15)
  2 orc knights
  7 ugly things (D:15)
  10 wolf spiders
  4 oklob plants (Lair:4)
  2 orc sorcerers
  2 moths of wrath
  2 manticores (D:13)
  10 elephants
  9 torpor snails
  A guardian serpent (Lair:5)
  2 demonic crawlers
  6 black mambas
  A water nymph (Lair:2)
  2 gargoyles
  9 cane toads
  2 komodo dragons
  A rime drake (Lair:5)
  A tengu conjurer (D:15)
  5 hornets (Lair:5)
  A meliai (Spider:2)
  A troll (Orc:2)
  2 tyrant leeches (Lair:5)
  4 tarantellas
  11 jumping spiders
  7 blink frogs
  3 slime creatures
  A shadow (D:11)
  2 wraiths
  14 culicivoras
  A basilisk (Lair:5)
  Grum (D:9)
  6 wyverns (Lair:5)
  17 yaks
  29 redbacks
  A warg (Orc:1)
  11 water moccasins
  5 orc warriors (Orc:2)
  7 ogres
  12 wolves
  7 bullfrogs
  A gnoll sergeant (D:9)
  3 wights (D:8)
  6 killer bees
  A wolf zombie (Lair:4)
  7 orc priests
  A gnoll bouda (D:7)
  A sleepcap (D:6)
  5 orc wizards
  5 gnolls
  21 orcs
  A spectral bat (D:5)
  A bat skeleton (D:5)
  A goblin (D:1)
  A jackal (D:4)
  3 kobolds (D:8)
  A quokka (D:4)
  A bat (D:1)
  A bat simulacrum (D:5)
  A plant (Lair:5)
319 creatures vanquished.

Vanquished Creatures (others)
  A hydra (D:9)
  2 orc knights (Orc:1)
  A black mamba (Lair:3)
  A cane toad (Lair:2)
  A dream sheep (Lair:3)
  2 blink frogs (Lair:2)
  A black mamba zombie (Lair:3)
  A wyvern (Lair:3)
  A human (D:12)
  A basilisk (D:8)
  A warg (Orc:2)
  2 two-headed ogre zombies
  A cane toad zombie (Lair:5)
  An acid dragon (D:7)
  2 water moccasins
  2 orc warriors (Orc:1)
  A hornet zombie (Lair:5)
  An ogre (Orc:1)
  3 blink frog zombies (Lair:3)
  A komodo dragon zombie (Lair:4)
  A kobold brigand (D:11)
  2 bullfrogs
  3 wyvern zombies
  3 water moccasin zombies
  A warg zombie (Orc:1)
  2 yak zombies (Lair:4)
  A howler monkey (D:7)
  4 wolf zombies
  3 bullfrog zombies
  2 orc wizards
  A scorpion zombie (D:6)
  2 killer bee zombies
  A kobold zombie (D:11)
  5 ogre zombies
  An acid dragon zombie (D:7)
  3 adders
  2 adder zombies
  2 orcs
  A bat zombie (D:7)
  A goblin (D:7)
  A giant cockroach zombie (D:8)
  3 gnoll zombies (Orc:1)
  A goblin zombie (D:7)
  2 jackal zombies (D:4)
  35 orc zombies
  A quokka zombie (D:4)
  40 fungi
  129 plants
280 creatures vanquished.

Grand Total: 1105 creatures vanquished

Notes
Turn   | Place    | Note
-------+----------+-------------------------------------------
     0 | D:1      | Anamonty the Vine Stalker Necromancer began the quest for
                  | the Orb.
     0 | D:1      | Reached XP level 1. HP: 9/9 MP: 4/4
   136 | D:1      | Reached XP level 2. HP: 13/13 MP: 3/6
   263 | D:1      | Found Tapsood's Magic Scroll Boutique.
   383 | D:1      | Reached XP level 3. HP: 17/17 MP: 4/7
   545 | D:1      | Found Emnaxzi's Assorted Antiques.
   554 | D:1      | Bought a scroll labelled BOUNYL ASMETUPHAA for 24 gold
                  | pieces
   619 | D:1      | Found Obbiaxiets's Book Emporium.
  1121 | D:1      | Bought a scroll of teleportation for 42 gold pieces
  1172 | D:2      | Reached skill level 1 in Fighting
  1176 | D:2      | Learned a level 3 spell: Vampiric Draining
  1286 | D:2      | Gained mutation: Your natural rate of healing is unusually
                  | fast. [Vine Stalker growth]
  1286 | D:2      | Reached XP level 4. HP: 22/22 MP: 8/8
  1348 | D:2      | Noticed Natasha
  1360 | D:2      | Killed Natasha
  1601 | D:2      | Noticed Natasha
  1608 | D:2      | Killed Natasha
  1708 | D:2      | Noticed Natasha
  1715 | D:2      | Killed Natasha
  1716 | D:2      | Reached XP level 5. HP: 25/25 MP: 1/10
  2022 | D:3      | Noticed Grinder
  2197 | D:3      | Noticed Sigmund
  2231 | D:3      | Found an opulent altar of Gozag.
  2275 | D:3      | Learned a level 4 spell: Animate Dead
  2310 | D:3      | Reached skill level 5 in Necromancy
  2445 | D:3      | Paralysed by Grinder for 3 turns
  2657 | D:4      | Reached XP level 6. HP: 30/30 MP: 4/11
  2805 | D:4      | Found Qinunofo's Tremendous Tomes.
  3558 | D:5      | Entered Level 5 of the Dungeon
  3558 | D:5      | Noticed an ice beast
  3976 | D:5      | Found a stormy altar of Qazlal.
  3978 | D:5      | Found a hide-covered altar of Uskayaw.
  3980 | D:5      | Found a white marble altar of Elyvilon.
  3980 | D:5      | Found a basalt altar of Yredelemnul.
  3980 | D:5      | Found a shadowy altar of Dithmenos.
  3980 | D:5      | Found an iron altar of Okawaru.
  3982 | D:5      | Found an ancient bone altar of Kikubaaqudgha.
  3982 | D:5      | Found a snail-covered altar of Cheibriados.
  3982 | D:5      | Found a sacrificial altar of Ru.
  3994 | D:5      | Became a worshipper of Kikubaaqudgha
  4114 | D:5      | Reached XP level 7. HP: 35/35 MP: 13/13
  4185 | D:5      | Noticed Edmund
  4257 | D:5      | Reached skill level 6 in Necromancy
  4445 | D:5      | Reached * piety under Kikubaaqudgha
  4445 | D:5      | Received a gift from Kikubaaqudgha
  4625 | D:5      | Found Ubaw's Armour Boutique.
  4796 | D:6      | Gained mutation: You have razor-sharp teeth. [Vine Stalker
                  | growth]
  4796 | D:6      | Reached XP level 8. HP: 40/40 MP: 0/15
  5009 | D:6      | Reached skill level 7 in Necromancy
  5667 | D:6      | Reached skill level 5 in Spellcasting
  5891 | D:6      | Reached XP level 9. HP: 45/45 MP: 17/17
  6132 | D:6      | Reached skill level 8 in Necromancy
  6186 | D:6      | Found a staircase to the Ecumenical Temple.
  6264 | D:7      | Identified the +7 flail of the Shining Light {vamp, MP-9
                  | Dex+3}
  6447 | D:7      | Found a radiant altar of Vehumet.
  6743 | D:7      | Found a broken altar of Ashenzari.
  6965 | D:7      | Reached ** piety under Kikubaaqudgha
  7045 | D:7      | Identified the +2 robe of Obboh {rElec rN+ Str+2 Dex+2}
  7390 | D:8      | Noticed Psyche
  7457 | D:7      | Killed Psyche
  7458 | D:7      | Reached skill level 5 in Fighting
  7458 | D:7      | Reached skill level 5 in Dodging
  7458 | D:7      | Reached skill level 9 in Necromancy
  7744 | D:8      | Noticed EiAlmux's ghost (novice DrCj)
  7746 | D:8      | Found a runed translucent door.
  7822 | D:8      | Reached XP level 10. HP: 51/51 MP: 12/20
  7957 | D:8      | Found a shimmering altar of Xom.
  7957 | D:8      | Found a shimmering altar of Xom.
  7958 | D:8      | Found a shimmering altar of Xom.
  7959 | D:8      | Found a shimmering altar of Xom.
  7959 | D:8      | Found a shimmering altar of Xom.
  7960 | D:8      | Found a shimmering altar of Xom.
  7961 | D:8      | Found a shimmering altar of Xom.
  7961 | D:8      | Found a shimmering altar of Xom.
  7961 | D:8      | Found a shimmering altar of Xom.
  8410 | D:3      | Paralysed by Grinder for 5 turns
  8430 | D:3      | Killed Grinder
  8459 | D:3      | Found a shimmering blue altar of Sif Muna.
  8668 | D:8      | Reached skill level 10 in Necromancy
  9430 | D:9      | Noticed a two-headed ogre
  9443 | D:9      | Killed a two-headed ogre
  9977 | D:9      | Noticed Grum
  9990 | D:9      | Killed Grum
 10407 | D:10     | Entered Level 10 of the Dungeon
 10407 | D:10     | Noticed a two-headed ogre
 10438 | D:8      | Noticed a deep troll
 10553 | D:1      | Bought a book of the Tundra for 416 gold pieces
 10560 | D:1      | Learned a level 6 spell: Simulacrum
 10674 | D:8      | Noticed a manticore
 10699 | D:8      | Noticed a moth of wrath
 10825 | D:10     | Noticed a gargoyle
 10947 | D:10     | Killed a two-headed ogre
 10948 | D:10     | Reached skill level 11 in Necromancy
 10948 | D:10     | Reached skill level 1 in Ice Magic
 10948 | D:10     | Reached skill level 1 in Evocations
 10948 | D:10     | Reached XP level 11. HP: 58/58 MP: 1/23
 11129 | D:10     | Noticed a centaur warrior
 11149 | D:10     | Killed a centaur warrior
 11485 | D:11     | Noticed a two-headed ogre
 11499 | D:11     | Killed a two-headed ogre
 11553 | D:11     | Found a staircase to the Orcish Mines.
 11803 | D:11     | Noticed Lodul
 12043 | D:11     | Found a staircase to the Lair.
 12225 | D:11     | Noticed a manticore
 12235 | D:11     | Killed a manticore
 12517 | D:11     | Killed Lodul
 12979 | D:12     | Noticed Kirke
 13000 | D:12     | Noticed a sphinx
 13014 | D:12     | Killed Kirke
 13015 | D:12     | Reached skill level 12 in Necromancy
 13015 | D:12     | Reached XP level 12. HP: 63/63 MP: 16/25
 13224 | D:12     | Noticed a boulder beetle
 13246 | D:12     | Killed a boulder beetle
 13732 | Lair:1   | Entered Level 1 of the Lair of Beasts
 13768 | Lair:1   | Found a burning altar of Makhleb.
 14140 | Lair:1   | Found a frozen archway.
 14151 | IceCv    | Entered an ice cave
 15038 | Lair:2   | Noticed a boulder beetle
 15051 | Lair:2   | Killed a boulder beetle
 15110 | Lair:2   | Reached skill level 1 in Staves
 15780 | Lair:3   | Noticed a catoblepas
 15819 | Lair:3   | Killed a catoblepas
 15841 | Lair:3   | Noticed Snorg
 15851 | Lair:3   | Killed Snorg
 15852 | Lair:3   | Reached skill level 13 in Necromancy
 15852 | Lair:3   | Reached skill level 5 in Ice Magic
 15863 | Lair:3   | Noticed a skyshark
 15869 | Lair:3   | Killed a skyshark
 15870 | Lair:3   | Reached XP level 13. HP: 68/68 MP: 5/27
 15879 | Lair:3   | Identified a scroll of acquirement
 15881 | Lair:3   | Acquired 833 gold pieces
 16067 | Lair:3   | Reached skill level 5 in Evocations
 16330 | D:4      | Bought the Anthology of Shades and the Curse for 1080 gold
                  | pieces
 16337 | D:4      | Learned a level 6 spell: Death Channel
 16343 | D:4      | Learned a level 5 spell: Borgnjor's Vile Clutch
 16551 | Lair:3   | Found a hole to the Spider Nest.
 17167 | Lair:4   | Noticed Sonja
 17185 | Lair:4   | Killed Sonja
 17382 | Lair:4   | Learned a level 2 spell: Sublimation of Blood
 17432 | Lair:4   | Found a snail-covered altar of Cheibriados.
 17963 | Lair:4   | Reached skill level 1 in Earth Magic
 18006 | Lair:4   | Reached skill level 10 in Spellcasting
 18006 | Lair:4   | Reached skill level 14 in Necromancy
 18008 | Lair:4   | Reached XP level 14. HP: 74/74 MP: 14/29
 18017 | Lair:4   | Reached *** piety under Kikubaaqudgha
 18017 | Lair:4   | Received a gift from Kikubaaqudgha
 18280 | Lair:5   | Entered Level 5 of the Lair of Beasts
 18475 | Lair:5   | Reached XP level 15. HP: 79/79 MP: 13/30
 18593 | Lair:5   | Reached skill level 5 in Staves
 18594 | Lair:5   | Reached **** piety under Kikubaaqudgha
 18777 | Lair:5   | Found a staircase to the Slime Pits.
 19234 | Lair:5   | Found a runed translucent door.
 19567 | Lair:5   | Reached skill level 1 in Summonings
 19568 | Lair:5   | Paralysed by a hornet for 1 turns
 19997 | Orc:1    | Entered Level 1 of the Orcish Mines
 20061 | Orc:1    | Reached ***** piety under Kikubaaqudgha
 20284 | Orc:1    | Reached skill level 15 in Necromancy
 20643 | Orc:1    | Found Bymapin's Jewellery Shoppe.
 21033 | Orc:2    | Entered Level 2 of the Orcish Mines
 21038 | Orc:2    | Found a staircase to the Elven Halls.
 21169 | Orc:2    | Found Romny's Distillery.
 21189 | Orc:2    | Bought a potion of invisibility for 80 gold pieces
 21266 | Orc:2    | Noticed an orc warlord
 21305 | Orc:2    | Killed an orc warlord
 21343 | Orc:2    | Found Erirphe's Antique Armour Shoppe.
 21344 | Orc:2    | Found Hitinn's Antique Weapon Emporium.
 21357 | Orc:2    | Bought a pair of runed gloves for 240 gold pieces
 21478 | Orc:2    | Reached XP level 16. HP: 67/85 MP: 18/31
 21669 | Orc:2    | Found Wyimurui's Jewellery Emporium.
 21832 | Orc:2    | Found Johim's Distillery.
 22357 | D:13     | Reached skill level 10 in Fighting
 22363 | D:13     | Noticed Jorgrun
 22513 | D:13     | Reached skill level 5 in Earth Magic
 22550 | D:13     | Killed Jorgrun
 23571 | D:14     | Found Mesimeb's Armour Shoppe.
 23694 | D:14     | Found Plog's Pet Rocks.
 23832 | D:14     | Found a gate to the Vaults.
 24323 | D:15     | Entered Level 15 of the Dungeon
 24563 | D:15     | Found a hide-covered altar of Uskayaw.
 24812 | D:15     | Found a staircase to the Depths.
 24846 | D:15     | Reached ****** piety under Kikubaaqudgha
 25507 | Spider:1 | Entered Level 1 of the Spider Nest
 25624 | Spider:1 | Reached XP level 17. HP: 87/91 MP: 11/33
 25625 | Spider:1 | Reached skill level 16 in Necromancy
 25669 | Spider:1 | Reached skill level 5 in Stealth
 26083 | Spider:1 | Found a transporter.
 26085 | Spider:1 | Found a transporter.
 26231 | Spider:2 | Received a gift from Kikubaaqudgha
 26471 | Spider:2 | Reached skill level 5 in Summonings
 26471 | Spider:2 | Identified the +0 morningstar "Edut Yts" {antimagic, rPois}
 26705 | Spider:2 | Reached skill level 1 in Armour
 27271 | Spider:2 | Reached skill level 10 in Dodging
 28330 | Spider:3 | HP: 6/138 [poisoned by a wolf spider]
 28333 | Spider:3 | Succumbed to a wolf spider's poison

Illustrated notes

Levels and vault maps discovered:
D:1:      minmay_arrival_cross, layout_loops_ring, serial_shops,
          nicolae_square_shop, shop, shop, minmay_tetromino_l4
D:2:      layout_loops_ring, uniq_natasha
D:3:      layout_basic, mainiacjoe_overflow_alcove_1, marbit_many_paths,
          uniq_grinder, uniq_sigmund
D:4:      layout_layer_cave, nicolae_shop_i_like_big_books,
          kennysheep_generic_room_16
D:5:      layout_cave_pools, nicolae_overflows_in_rows, serial_shops,
          shop_fountains, kennysheep_decorative_pillar, st_stairs_7,
          nicolae_kite_square_tiling_tiny, goddamned_bats, uniq_edmund
D:6:      layout_basic, temple_hall
D:7:      layout_layer_cave, ashenzari_conservatory_becter,
          mainiacjoe_overflow_catwalk
D:8:      layout_basic, xom_shifter_show, hellmonk_ghost_happy_afterlife,
          uniq_psyche
D:9:      layout_basic, uniq_grum
D:10:     layout_rooms, blue_anna_alchemist
D:11:     layout_irregular_city, lair_entry_dummy, orc_0_dummy, uniq_lodul
D:12:     layout_loops_ring, hangedman_decor_peaks_small, reono_crystal_passage,
          chequers_serial_rivers_room_b, uniq_kirke
D:13:     layout_grid_maze, uniq_jorgrun
D:14:     layout_loops_ring, erik_vaults_2, serial_shops,
          nicolae_shop_hallway_stairs, minmay_misc_feat_enclosed,
          guppyfry_shop_earth
D:15:     hangedman_depths_entry_civil_slaughter, layout_loops_cross,
          chequers_serial_rivers_micro_a, nicolae_uskayaw_dance_hall
Lair:1:   layout_layer_cave, portal_ice_cave_entry_pillars_1, lemuel_oklob_altar
Lair:2:   layout_long_grid, nicolae_shoals_entry_flooding, lemuel_old_faithful
Lair:3:   layout_cave_shapes, nicolae_spider_entry_orb_guardian,
          grunt_megastairs_1, lemuel_fruit_tree, uniq_snorg
Lair:4:   minmay_lair_oklob_tunnel, layout_regular_city, basic_altar,
          grunt_megastairs_4, infiniplex_staircase_pool_2, uniq_sonja
Lair:5:   hangedman_lair_tendril_chambers, layout_hall_layers, wormcave,
          slime_entry_1
Spider:1: gammafunk_boulding_lane
Spider:2: layout_chambers, hangedman_spider_tarantella_strand
Spider:3: layout_spider_delve, spiders_nest_ghost_moth_duel, uniq_arachne
Orc:1:    layout_diamond_mine, guppyfry_orc_lava_fort
Orc:2:    grunt_orc_community_town_hall, layout_caves,
          grunt_orc_community_big_house_1, grunt_orc_community_big_house_2,
          grunt_orc_community_house_1, grunt_orc_community_house_1,
          grunt_orc_community_house_1, grunt_orc_community_house_1,
          serial_shops, nicolae_shop_statue_plus

Skill      XL: |  1  2  3  4  5  6  7  8  9 10 11 12 13 14 15 16 17 |
---------------+----------------------------------------------------+-----
Dodging        | 2 3 4 5 6 7 8 9 10 | 10.0
Stealth        | 3 4 6 |  6.2
Fighting       | 1 2 3 4 5 6 7 8 9 10 11 | 11.6
Necromancy     | 5 6 7 9 11 12 13 14 15 16 | 16.4
Spellcasting   | 3 4 5 6 7 8 9 10 11 | 11.8
Ice Magic      | 1 3 5 6 7 8 |  8.0
Evocations     | 1 3 4 5 6 7 8 |  8.4
Staves         | 2 4 5 6 7 |  7.4
Earth Magic    | 2 3 4 6 |  6.9
Summonings     | 2 4 5 |  5.4
Armour         | 1 |  1.5

Action                     |  1- 3 |  4- 6 |  7- 9 | 10-12 | 13-15 | 16-18 || total
---------------------------+-------+-------+-------+-------+-------+-------++-------
  Melee: Unarmed           |     5 |       |       |     3 |       |       ||     8
         Bite              |    17 |    35 |    90 |   150 |   129 |   174 ||   595
         Short sword       |    52 |    20 |       |       |       |       ||    72
         Punch             |     1 |     1 |     5 |    11 |     5 |     8 ||    31
         Staff             |       |   138 |   254 |   385 |   328 |   373 ||  1478
         Dagger            |       |     7 |       |       |       |       ||     7
   Cast: Necrotise         |    41 |    38 |    25 |    14 |     2 |    13 ||   133
         Vampiric Draining |       |     6 |    37 |    96 |    42 |    29 ||   210
         Animate Dead      |       |     2 |     5 |    15 |     9 |     1 ||    32
         Simulacrum        |       |       |       |    13 |    52 |    69 ||   134
         Borgnjor's Vile C |       |       |       |       |    35 |    63 ||    98
         Death Channel     |       |       |       |       |    20 |    31 ||    51
         Sublimation of Bl |       |       |       |       |    12 |    13 ||    25
 Invoke: Unearth Wretches  |       |       |     4 |     8 |     5 |       ||    17
         Receive Forbidden |       |       |       |       |       |     1 ||     1
  Evoke: Wand              |       |       |     7 |     2 |       |       ||     9
         Condenser vane    |       |       |       |       |     1 |       ||     1
    Use: Scroll            |       |     6 |     4 |    14 |     8 |     3 ||    35
         Potion            |       |       |       |     1 |     1 |       ||     2
   Stab: Sleeping          |     3 |     7 |    10 |     5 |     2 |    12 ||    39
         Distracted        |       |     1 |     3 |     5 |    12 |     9 ||    30
         Paralysed         |       |       |     4 |     8 |     6 |       ||    18
         Petrifying        |       |       |       |     1 |       |       ||     1
         Petrified         |       |       |       |     1 |       |       ||     1
         Confused          |       |       |       |       |     1 |       ||     1
 Armour: Robe              |    12 |   107 |   120 |   229 |   143 |   173 ||   784
  Dodge: Dodged            |    40 |   141 |   206 |   450 |   432 |   491 ||  1760
  Block: Other             |       |    56 |    77 |   133 |   111 |   133 ||   510
         Reflection        |       |       |       |     2 |     2 |     6 ||    10

Table legend: (Time is in decaauts)
 A = Elapsed time spent in this place.
 B = Non-inter-level travel time spent in this place.
 C = Inter-level travel time spent in this place.
 D = Time resting spent in this place.
 E = Time spent auto-exploring this place.
 F = Levels seen in this place.
 G = Mean time per level.
                   A        B        C        D        E       F      G
               +--------+--------+--------+--------+--------+-----+--------+
         Total |  28548 |  26156 |   2392 |     66 |  17511 |  26 | 1098.0 |
       Dungeon |  17806 |  16120 |   1686 |     48 |  11312 |  15 | 1187.1 |
          Lair |   6070 |   5632 |    438 |     18 |   3771 |   5 | 1214.0 |
   Spider Nest |   2817 |   2653 |    164 |      0 |   1494 |   3 |  939.0 |
  Orcish Mines |   1847 |   1744 |    103 |      0 |    933 |   2 |  923.5 |
      Ice Cave |      6 |      6 |      0 |      0 |      0 |   1 |    6.0 |
               +--------+--------+--------+--------+--------+-----+--------+

Top non-repeatable levels by time:
    D:11: 1689 daAuts
Spider:2: 1657 daAuts
  Lair:5: 1627 daAuts
     D:6: 1619 daAuts
     D:7: 1497 daAuts
  Lair:1: 1431 daAuts
     D:4: 1365 daAuts
     D:9: 1282 daAuts
     D:8: 1271 daAuts
    D:13: 1269 daAuts
     D:1: 1211 daAuts
     D:5: 1195 daAuts
  Lair:4: 1156 daAuts
Spider:1: 1137 daAuts
  Lair:3: 1082 daAuts
